 Dungeon Crawl Stone Soup version 0.17.0-18-gaab0e96 (webtiles) character file.

589 septik the Skirmisher (level 7, 0/44 HPs)
             Began as a Gargoyle Fighter on Nov 11, 2015.
             Was an Initiate of Ashenzari.
             Slain by a centaur zombie (3 damage)
             ... in an ossuary.
             The game lasted 00:10:36 (3121 turns).

septik the Skirmisher (Gargoyle Fighter)            Turns: 3121, Time: 00:10:36

Health: 0/44       AC: 17    Str: 23    XL:     7   Next: 38%
Magic:  7/7        EV:  5    Int:  9    God:    Ashenzari [......]
Gold:   175        SH:  9    Dex: 10    Spells: 0 memorised, 6 levels left

rFire  . . .     SeeInvis .     a - +0 flail
rCold  + . .     Clarity  .     F - +1 chain mail of Autotheism {rN+ Str+3 Stlth+} (curse)
rNeg   + + .     SustAt   .     c - +0 shield
rPois  ∞         Gourm    .     (no helmet)
rElec  +         Spirit   .     v - +1 cloak
rCorr  .         Warding  .     (no gloves)
rMut   .         Stasis   .     (no boots)
MR     .....                    (no amulet)
Stlth  ..........               (no ring)
                                x - ring of protection from cold

@: not resistant to hostile enchantments, extremely unstealthy
A: negative energy resistance 1, electricity resistance, unbreathing,
petrification resistance, rot immunity, AC +4
a: Renounce Religion


You were in an ossuary.
You worshipped Ashenzari.
Ashenzari was noncommittal.
You were not hungry.

You visited 1 branch of the dungeon, and saw 5 of its levels.
You also visited: Ossuary.

You collected 175 gold pieces.

Inventory:

Hand Weapons
 a - a +0 flail (weapon)
 r - a +0 hunting sling
 B - a +1 war axe of flaming
Missiles
 h - 227 stones (quivered)
 m - 75 sling bullets
 n - 4 needles of confusion
 w - 17 silver sling bullets
 A - 3 tomahawks of returning
 E - 12 steel sling bullets
Armour
 b - a +0 scale mail
 c - a +0 shield (worn)
 s - a +0 chain mail
 u - a +0 plate armour
 v - a +1 cloak (worn)
 F - the cursed +1 chain mail of Autotheism (worn) {rN+ Str+3 Stlth+}
   (You found it on level 4 of the Dungeon)

   It affects your strength (+3).
   It protects you from negative energy.
   It makes you more stealthy.
   It has a curse placed upon it.
 G - a cursed +0 ring mail
Jewellery
 x - a ring of protection from cold (left hand)
Scrolls
 f - 12 scrolls of identify {unknown}
 j - 2 scrolls of teleportation {unknown}
 l - a scroll of enchant armour {unknown}
 o - 3 scrolls of remove curse
 p - 2 scrolls of fear {unknown}
 t - 2 scrolls of noise {unknown}
 y - 4 scrolls of recharging {unknown}
Potions
 d - 3 potions of might
 i - a potion of poison {unknown}
 k - 6 potions of curing {unknown}
 q - a potion of agility {unknown}
 z - a potion of degeneration {unknown}
 C - a potion of magic {unknown}
Comestibles
 e - 5 bread rations
 g - 3 meat rations
 D - 6 chunks of flesh
 H - a beef jerky


   Skills:
 + Level 5.6 Fighting
 * Level 5.4 Maces & Flails
 + Level 5.3 Armour
 - Level 3.2 Shields


You had 6 spell levels left.
You didn't know any spells.

Dungeon Overview and Level Annotations

Branches:
Dungeon (5/15)
 Temple: D:4-7

Altars:
Ashenzari
Elyvilon
Gozag
Kikubaaqudgha
Nemelex Xobeh
Sif Muna
Vehumet
Yredelemnul
The Shining One

Shops:
D:4 *


Innate Abilities, Weirdness & Mutations

You are resistant to torment.
Your stone body is resilient (AC +4).
You are immune to poison.
You resist negative energy.
You are resistant to electric shocks.
You can survive without breathing.
You are immune to petrification.
You are immune to rotting.


Message History

You sock the centaur zombie!
The centaur zombie hits you but does no damage.
You block the wyvern zombie's attack. The centaur zombie hits you.
* * * LOW HITPOINT WARNING * * *
Your shield and chain mail of Autotheism prevent you from hitting the centaur zombie.
You block the wyvern zombie's attack.
The centaur zombie hits you but does no damage.
You block the wyvern zombie's attack.
The centaur zombie hits you but does no damage.
Your shield and chain mail of Autotheism prevent you from hitting the centaur zombie.
The wyvern zombie barely misses you. The centaur zombie barely misses you.
You hit the centaur zombie. The wyvern zombie bites you.
* * * LOW HITPOINT WARNING * * *
You block the centaur zombie's attack. The wyvern zombie barely misses you.
You sock the centaur zombie! The centaur zombie hits you.
* * * LOW HITPOINT WARNING * * *
The wyvern zombie bites you!
* * * LOW HITPOINT WARNING * * *
The centaur zombie hits you.
You die...

≈. ≈≈ #
≈≈ ≈#
≈###≈
≈≈.≈
#####.≈##
#∩..#≈..#
#.Z.†≈#
#@Z.#.+
#####.#
.+ +#


You could see a wyvern zombie and a centaur zombie.

Vanquished Creatures
  A bog body (Ossuary)
  2 centaur zombies
  2 hounds (D:4)
  3 giant frog skeletons (D:5)
  3 orc wizards
  A centaur skeleton (D:4)
  A worker ant (D:5)
  A hound zombie (Ossuary)
  2 mummies (Ossuary)
  5 adders
  4 gnolls (D:3)
  An adder skeleton (D:4)
  A giant gecko (D:1)
  10 orcs
  A ball python (D:1)
  7 bats
  8 giant cockroaches
  5 hobgoblins
  4 jackals (D:4)
  A quokka (D:3)
  A giant cockroach zombie (Ossuary)
  A giant gecko skeleton (D:4)
  3 giant newts
  2 goblins
  5 kobolds
  9 rats
84 creatures vanquished.

Vanquished Creatures (others)
  A plant (Ossuary)
1 creature vanquished.

Grand Total: 85 creatures vanquished

Notes
Turn   | Place    | Note
--------------------------------------------------------------
     0 | D:1      | septik the Gargoyle Fighter began the quest for the Orb.
     0 | D:1      | Reached XP level 1. HP: 14/14 MP: 1/1
   124 | D:1      | Reached XP level 2. HP: 16/19 MP: 2/2
  1019 | D:2      | Reached XP level 3. HP: 24/24 MP: 3/3
  1327 | D:2      | Reached skill level 4 in Fighting
  1381 | D:3      | Found a faded altar to an unknown god.
  1526 | D:3      | Reached XP level 4. HP: 26/29 MP: 4/4
  1721 | D:3      | Found a glowing golden altar of the Shining One.
  1726 | D:3      | Found a basalt altar of Yredelemnul.
  1892 | D:3      | Noticed an angel
  1974 | D:4      | Found Qeatapt's Assorted Antiques.
  2028 | D:4      | Reached XP level 5. HP: 33/33 MP: 5/5
  2236 | D:4      | Reached XP level 6. HP: 35/40 MP: 6/6
  2266 | D:4      | Got a heavily runed chain mail
  2277 | D:4      | Identified the cursed +1 chain mail of Autotheism {rN+ Str+3 Stlth+} (You found it on level 4 of the Dungeon)
  2547 | D:4      | Reached skill level 5 in Fighting
  2803 | D:5      | Entered Level 5 of the Dungeon
  2803 | D:5      | Found a sparkling altar of Nemelex Xobeh.
  2803 | D:5      | Found a deep blue altar of Sif Muna.
  2803 | D:5      | Found an opulent altar of Gozag.
  2803 | D:5      | Found a shattered altar of Ashenzari.
  2803 | D:5      | Found a white marble altar of Elyvilon.
  2803 | D:5      | Found an ancient bone altar of Kikubaaqudgha.
  2804 | D:5      | Found a radiant altar of Vehumet.
  2823 | D:5      | Became a worshipper of Ashenzari the Shackled
  2876 | D:5      | Reached skill level 5 in Armour
  2909 | D:5      | Reached skill level 5 in Maces & Flails
  2929 | D:5      | Reached XP level 7. HP: 31/44 MP: 7/7
  3041 | D:5      | Found a sand-covered staircase.
  3048 | Ossuary  | Entered an ossuary
  3121 | Ossuary  | Slain by a centaur zombie

Action                   |  1- 3 |  4- 6 |  7- 9 || total
-------------------------+-------+-------+-------++-------
Melee: Flail             |   139 |   229 |    78 ||   446
  Eat: Chunk             |     2 |     4 |     2 ||     8
